Arrhythmia, neutral female vampiric Convict ----------- ######### ##-.........| --------------------------------# # |......)<.| |........................[%.)..|#%##%###[##-.........| |.------|--------------..-----.|# # # |.........| |.| |..|...|. |..| |.|# ##[# ----------- |.| |..|...|. +..| |.|# # |.-+------|...||------|..- |.%####### |......| ...|.|..|..|.-----|.|# |.---- | ---|-.|..|%%|.-....|.| |.| | -+--..{..-|-|..|%|@I_.|.| |.|..-..........)..--|-%|..(.|.| |.|---- --.-----|-......|....|.| |.|((| |.+ ..||----------|.| |.|(.| |.| |..|.. |.| |.|..| |.---|..|.. +.| |.-|------..{.---------- -----. |...%..........................| -------------------------------- Arrhythmia the Jail-bird Experience level: 8 Strength: 14 Dexterity: 16 Constitution: 19 Intelligence: 10 Wisdom: 8 Charisma: 8 Health: 0(95) Energy: 45(45) AC: -5 Gold: 0 Moves: 2934 Your Inventory: Armor b - a cursed +0 striped shirt (being worn) g - an [uncursed] +0 robe (being worn) o - an [uncursed] +0 hard hat [dwarvish iron helm] (being worn) r - an [uncursed] +0 elven mithril-coat (being worn) y - a cursed -1 pair of riding gloves [leather] (being worn) A - an [uncursed] +0 small shield (being worn) E - a [blessed] +3 pair of jackboots [high] (being worn) Comestibles D - an [uncursed] Hot Futa Mare Dick named Lucky charm Tools i - an [uncursed] looking glass [mirror] p - an [uncursed] towel v - an [uncursed] partly used [wax] candle F - an [uncursed] bag of tricks [0:1] I - an [uncursed] looking glass [mirror] Iron balls c - an [uncursed] heavy iron ball (chained to you) (weapon in hand) Spells known in the end: Name Level Category Fail Memory Your skills at the end: Fighting Skills Weapon Skills sling [Basic / Skilled] Spellcasting Skills Final Attributes: You had transgressed. Hunger level was 114. Your alignment was -11 / 24. Monster difficulty range was 1 - 7. Level difficulty was 7. You were immune to poison. You were immune to level-drain. You were immune to sickness. You were blinded. You were punished. You could fly. You could survive without air. You regenerated. You were unlucky (-2). You are dead. Vanquished creatures: a large mimic a large cat 4 watchmen a chameleon a gnome king a dust vortex a raven a snow ant a mountain nymph a rock piercer a yellow light 4 gnome lords 2 gnomish wizards a giant ant a little dog a floating eye 6 dwarves 2 kobold lords 5 monkeys 3 orc zombies an iguana a coyote 2 gas spores 2 hobbits a large kobold 7 giant rats a yellow mold 28 gnomes 6 geckos 5 jackals 2 foxes a sewer rat 4 lichens 3 kobold zombies 3 newts 106 creatures vanquished. Voluntary challenges: You went without food. You never hit with a wielded weapon. You read items or engraved 2 times. You put on armor 16 times. You never genocided any monsters. You never polymorphed an object. You never changed form. You used no wishes. You abstained from Elbereth's help. You never encountered a bones level. You never used any Sokoban shortcuts. Dungeon overview: The Dungeons of Doom: levels 1 to 4 Level 1 a fountain a long staircase Level 2 a fountain Level 3 a weapon shop Level 4 some fountains stairs to The Gnomish Mines The Gnomish Mines: levels 5 to 7 Level 5 stairs to The Dungeons of Doom Level 7 <- You were here some shops, a temple to Grumbar, a magic chest, some fountains History has recorded: On T:1 you entered the Dungeons of Doom to retrieve the Amulet of Yendor! On T:7 you reached level 2 of The Dungeons of Doom. On T:157 you advanced to experience level 2. On T:242 you advanced to experience level 3. On T:356 you advanced to experience level 4. On T:788 you reached level 3 of The Dungeons of Doom. On T:927 you advanced to experience level 5. On T:1112 you reached level 4 of The Dungeons of Doom. On T:1206 you advanced to experience level 6. On T:1355 you reached level 1 of The Gnomish Mines. On T:1660 you reached level 2 of The Gnomish Mines. On T:1789 you advanced to experience level 7. On T:1887 you reached level 3 of The Gnomish Mines. On T:2544 you advanced to experience level 8. Latest messages: You bite it. It hits! It kicks! [HP-25=60] You miss it. You bite it. It hits! It kicks! You hear a mumbled curse. [HP-22=38] You miss it. You bite it. You feed on the lifeblood. It suddenly seems weaker! It misses. (2x) Something casts a spell at you! You are frozen in place! [HP+1=39] It hits! It kicks! [HP-19=20] It hits! You die... Final status: Goodbye Arrhythmia the Convict... You died in The Gnomish Mines on dungeon level 7 with 4578 points, and 0 pieces of gold, after 2934 moves. You were level 8 with a maximum of 95 hit points when you died.